 Dungeon Crawl Stone Soup version 0.23.2 (webtiles) character file.

Game seed: 5566666851179093246

2243 Borgoz the Slicer (level 9, 0/56 HPs)
             Began as a Kobold Gladiator on Apr 12, 2019.
             Was an Initiate of Ashenzari.
             Slain by an ogre
             ... wielding a +0 giant club
              (14 damage)
             ... on level 7 of the Dungeon.
             The game lasted 00:12:00 (6334 turns).

Borgoz the Slicer (Kobold Gladiator)                Turns: 6334, Time: 00:12:01

Health: 0/56       AC:  9    Str: 11    XL:     9   Next: 63%
Magic:  0/9        EV: 18    Int: 10    God:    Ashenzari [......]
Gold:   411        SH:  0    Dex: 19    Spells: 8/8 levels left

rFire    . . .     SeeInvis .   a - +0 rapier
rCold    + . .     Gourm    .   (shield restricted)
rNeg     . . .     Faith    .   o - +0 ring mail (curse)
rPois    .         Spirit   .   c - +1 helmet
rElec    .         Reflect  .   (no cloak)
rCorr    .         Harm     .   m - +0 pair of gloves
MR       .....                  (no boots)
Stlth    ++........             (no amulet)
HPRegen  0.18/turn              i - ring of protection from cold
MPRegen  0.11/turn              (no ring)

@: hasted, very quick
A: small, carnivore
a: Curse Item, Renounce Religion


You were on level 7 of the Dungeon.
You worshipped Ashenzari.
Ashenzari was noncommittal.
You were full.

You visited 2 branches of the dungeon, and saw 8 of its levels.
You also visited: Sewer.

You collected 411 gold pieces.

Inventory:

Hand Weapons
 a - a +0 rapier (weapon)
 s - the +1 quarterstaff of Tucemorph {venom, rF+}
   (You found it on level 5 of the Dungeon)

   It poisons the flesh of those it strikes.
   It protects you from fire.
Armour
 c - a +1 helmet (worn)
 m - a +0 pair of gloves (worn)
 o - a cursed +0 ring mail (worn)
Jewellery
 i - a ring of protection from cold (left hand)
 p - a +6 amulet of reflection
Wands
 d - a wand of paralysis (10)
 l - a wand of flame (8)
Scrolls
 e - 5 scrolls of remove curse
 n - 5 scrolls of teleportation
 u - a scroll of fog
 w - 2 scrolls of enchant armour
Potions
 b - a potion of haste
 g - 2 potions of flight
 h - 2 potions of brilliance
 j - a potion of invisibility {unknown}
 k - a potion of cancellation
 q - a potion of lignification {unknown}
 r - 2 potions of berserk rage {unknown}
 v - 2 potions of mutation
Comestibles
 f - 15 rations


   Skills:
 + Level 6.7 Fighting
 + Level 8.7 Short Blades
 - Level 2.1 Throwing
 + Level 4.7 Armour
 + Level 7.9 Dodging
 + Level 4.1 Stealth
 + Level 0.4 Evocations


You had 8 spell levels left.
You didn't know any spells.
Your spell library was empty.

Dungeon Overview and Level Annotations

Branches:
Dungeon (7/15)             Temple (1/1) D:5

Altars:
Ashenzari
Cheibriados
Dithmenos
Elyvilon
Fedhas
Gozag
Hepliaklqana
Kikubaaqudgha
Makhleb
Okawaru
Qazlal
Ru
Sif Muna
Uskayaw
Vehumet
Wu Jian
Xom
Yredelemnul
Zin

Annotations:
D:4 1 runed translucent door
D:5 4 runed translucent doors, Crazy Yiuf; totalnoob's ghost, amateur OpEE


Innate Abilities, Weirdness & Mutations

You are small and have problems with some larger weapons.
You are carnivorous and can eat meat at any time.


Message History

You hit the eye of draining.
The eye of draining is moderately wounded.
The ogre misses you.
You hit the eye of draining but do no damage.
The eye of draining is moderately wounded.
The eye of draining gazes at you.
You feel your power leaking away.
You puncture the eye of draining!
The eye of draining is moderately wounded.
The ogre misses you.
You hit the eye of draining but do no damage.
The eye of draining is moderately wounded.
The eye of draining gazes at you.
You hit the eye of draining.
The eye of draining is heavily wounded.
The ogre hits you with a +0 giant club!!
* * * LOW HITPOINT WARNING * * *
The eye of draining gazes at you.
You feel yourself speed up. The ogre hits you with a +0 giant club!
You die...

#.PP##..# ######..########
#...........#
#.##.######.# #.##.# .#
#.##.# #.# #.##.# #.#
#.#)##.## #.# #...@OG.#
#.# ###.##..# #.#
#.##..#####.#####
#.##....G.).....##
#########.##...####.##...#
.......<...............# .
########............##...#
#.############ .## #.# #


You could see an eye of draining and an ogre.

Vanquished Creatures
  Pikel (D:5)
  Purgy (Sewer)
  4 slaves
  An orc warrior (D:6)
  3 phantoms
  A sky beast (D:6)
  An ogre (D:5)
  4 bullfrogs
  A scorpion (D:7)
  5 killer bees (D:6)
  3 crimson imps
  2 bullfrog zombies (D:5)
  4 hounds
  A jelly (D:7)
  2 orc priests
  An orc wizard (D:7)
  4 worker ants
  2 hound skeletons
  5 adders
  A shadow imp (D:6)
  3 oozes
  A worm (D:3)
  A dart slug (D:3)
  3 leopard geckos
  9 orcs
  2 ball pythons
  11 bats
  6 giant cockroaches
  8 goblins
  5 hobgoblins
  11 kobolds
  5 frilled lizards (D:1)
  A jackal skeleton (D:5)
  A leopard gecko zombie (D:5)
  A quokka zombie (D:5)
  8 rats
123 creatures vanquished.

Vanquished Creatures (others)
  A jelly (D:6)
  A quokka zombie (D:6)
2 creatures vanquished.

Grand Total: 125 creatures vanquished

Notes
Turn   | Place    | Note
-------+----------+-------------------------------------------
     0 | D:1      | Borgoz the Kobold Gladiator began the quest for the Orb.
     0 | D:1      | Reached XP level 1. HP: 12/12 MP: 1/1
    30 | D:1      | Reached XP level 2. HP: 14/18 MP: 2/2
   194 | D:1      | Reached XP level 3. HP: 22/22 MP: 3/3
   552 | D:2      | Reached skill level 1 in Armour
  1272 | D:2      | Found a glowing silver altar of Zin.
  1335 | D:3      | Reached XP level 4. HP: 27/27 MP: 4/4
  1612 | D:3      | Found a glowing drain.
  1650 | Sewer    | Entered a sewer
  1731 | Sewer    | Noticed Purgy
  1739 | Sewer    | Killed Purgy
  1739 | Sewer    | Reached skill level 5 in Short Blades
  1739 | Sewer    | Reached XP level 5. HP: 28/32 MP: 5/5
  1739 | Sewer    | Reached XP level 6. HP: 33/37 MP: 6/6
  2406 | D:4      | Noticed a phantom
  2466 | D:4      | Killed a phantom
  2466 | D:4      | Reached skill level 5 in Dodging
  2910 | D:4      | Reached XP level 7. HP: 42/43 MP: 7/7
  3076 | D:4      | Reached skill level 6 in Short Blades
  3224 | D:4      | Found a runed translucent door.
  3225 | D:4      | Found a glowing silver altar of Zin.
  3225 | D:4      | Noticed an angel
  3392 | D:5      | Entered Level 5 of the Dungeon
  3538 | D:5      | Found a staircase to the Ecumenical Temple.
  3548 | Temple   | Entered the Ecumenical Temple
  3561 | Temple   | Became a worshipper of Ashenzari the Shackled
  3713 | D:5      | Found a runed translucent door.
  3714 | D:5      | Noticed Crazy Yiuf
  3964 | D:5      | Got the quarterstaff of Tucemorph {venom, rF+}
  3967 | D:5      | Found a runed translucent gate.
  3967 | D:5      | Found a runed translucent gate.
  3988 | D:5      | Reached XP level 8. HP: 48/48 MP: 8/8
  4018 | D:5      | Reached skill level 5 in Fighting
  4025 | D:5      | Noticed Pikel
  4323 | D:5      | Killed Pikel
  4323 | D:5      | Reached skill level 7 in Short Blades
  4552 | D:5      | Found a runed translucent gate.
  4557 | D:5      | Noticed totalnoob's ghost (amateur OpEE)
  4812 | D:6      | Reached skill level 1 in Stealth
  4895 | D:6      | Reached XP level 9. HP: 40/55 MP: 9/9
  4929 | D:6      | Reached skill level 8 in Short Blades
  6282 | D:7      | Found an ancient bone altar of Kikubaaqudgha.
  6283 | D:7      | Found a blossoming altar of Fedhas.
  6334 | D:7      | Slain by an ogre

Skill      XL: |  1  2  3  4  5  6  7  8  9 |
---------------+----------------------------+-----
Dodging        | 4 5 6 7 |  7.9
Armour         | 1 2 3 4 |  4.7
Fighting       | 3 4 6 |  6.7
Short Blades   | 5 6 7 8 |  8.7
Stealth        | 1 4 |  4.1
Throwing       | |  2.1
Evocations     | |  0.4

Action                   |  1- 3 |  4- 6 |  7- 9 || total
-------------------------+-------+-------+-------++-------
Melee: Rapier            |   119 |   163 |   457 ||   739
Throw: Throwing net      |       |     6 |     4 ||    10
  Use: Scroll            |       |    11 |     4 ||    15
       Potion            |       |     6 |     5 ||    11
 Stab: Sleeping          |     3 |       |     5 ||     8
       Held in net/web   |       |     1 |     3 ||     4
  Eat: Chunk             |     9 |     6 |     8 ||    23
Armor: Leather armour    |    25 |       |       ||    25
       Ring mail         |    16 |    43 |    99 ||   158
Dodge: Dodged            |   139 |   138 |   318 ||   595
